 Dungeon Crawl Stone Soup version 0.21.1-1-g345015fe64 (webtiles) character file.

4251 Loge the Grappler (level 10, -3/102 HPs)
             Began as a Troll Monk on July 18, 2018.
             Was an Elder of Makhleb.
             Slain by a killer bee (11 damage)
             ... on level 8 of the Dungeon.
             The game lasted 00:15:53 (6553 turns).

Loge the Grappler (Troll Monk)                      Turns: 6553, Time: 00:15:53

Health: -3/102     AC:  5    Str: 21    XL:     10   Next: 10%
Magic:  11/11      EV: 11    Int:  6    God:    Makhleb [****..]
Gold:   291        SH:  0    Dex: 15    Spells: 9/9 levels left

rFire    . . .     SeeInvis .     - Unarmed
rCold    . . .     Gourm    +   (no shield)
rNeg     . . .     Faith    .   a - +0 robe
rPois    .         Spirit   .   (helmet restricted)
rElec    .         Reflect  .   (no cloak)
rCorr    .         Harm     .   (gloves unavailable)
MR       .....                  (boots unavailable)
Stlth    ++........             (no amulet)
HPRegen  0.67/turn              (no ring)
MPRegen  0.12/turn              (no ring)

@: lethally poisoned (-3 -> -3)
A: large, unfitting armour, claws 3, fast metabolism 3, gourmand, regeneration
1, shaggy fur 1, tough skin 2
a: Minor Destruction, Lesser Servant of Makhleb, Major Destruction, Renounce
Religion


You were on level 8 of the Dungeon.
You worshipped Makhleb.
Makhleb was greatly pleased with you.
You were very full.

You visited 1 branch of the dungeon, and saw 8 of its levels.
You also visited: Bailey.

You collected 291 gold pieces.

Inventory:

Hand Weapons
 H - a +0 hand axe of flaming
 J - a +0 blowgun
Missiles
 g - 286 stones (quivered)
 K - 15 poisoned needles
Armour
 a - a +0 robe (worn)
Jewellery
 h - an uncursed ring of protection from cold {unknown}
 k - an uncursed ring of flight {unknown}
 q - an uncursed amulet of harm {unknown}
 s - an uncursed amulet of regeneration {unknown}
 w - a cursed ring of teleportation {unknown}
 y - an uncursed ring of wizardry {unknown}
 A - an uncursed ring of positive energy {unknown}
Wands
 I - a wand of paralysis (15)
Scrolls
 i - 2 scrolls of random uselessness {unknown}
 j - 5 scrolls of remove curse {unknown}
 n - 3 scrolls of amnesia {unknown}
 p - 5 scrolls of identify {unknown}
 r - a scroll of fog {unknown}
 u - a scroll of enchant armour {unknown}
 v - 2 scrolls of magic mapping {unknown}
 D - 2 scrolls of immolation {unknown}
 E - a scroll of noise {unknown}
 F - 2 scrolls of teleportation {unknown}
 G - a scroll of blinking {unknown}
 L - a scroll of acquirement {unknown}
 N - a scroll of silence {unknown}
Potions
 c - 2 potions of resistance {unknown}
 d - 4 potions of curing
 e - 2 potions of flight {unknown}
 f - 3 potions of heal wounds
 l - 2 potions of ambrosia {unknown}
 m - 2 potions of might {unknown}
 o - a potion of lignification {unknown}
 t - a potion of agility {unknown}
 z - a potion of haste {unknown}
 B - a potion of brilliance {unknown}
 C - a potion of cancellation {unknown}
Books
 x - Vehumet's Disquisition on Confrontation
   (You found it on level 4 of the Dungeon)

   Spells                             Type                      Level
   a - Magic Dart                     Conjuration                  1
Comestibles
 b - 18 rations
 M - 2 chunks of flesh


   Skills:
 + Level 7.3 Fighting
 - Level 2.4 Dodging
 - Level 1.0 Stealth
 * Level 11.8 Unarmed Combat
 + Level 2.8 Invocations


You had 9 spell levels left.
You didn't know any spells.

Dungeon Overview and Level Annotations

Branches:
Dungeon (8/15)             Temple (0/1) D:6
   Lair: D:8-11

Altars:
Ashenzari
Elyvilon
Gozag
Hepliaklqana
Kikubaaqudgha
Makhleb
Okawaru
Qazlal
Ru
Sif Muna
Trog
Uskayaw
Vehumet
Xom


Innate Abilities, Weirdness & Mutations

You are too large for most types of armour.
You have claws for hands.
Your metabolism is lightning-fast.
You like to eat raw meat.
Your natural rate of healing is unusually fast.
You are covered in fur. (AC +1)
You have very tough skin. (AC +2)


Message History

* * * LOW HITPOINT WARNING * * *
The killer bee stings you!
* * * LOW HITPOINT WARNING * * *
You mangle the killer bee!!
You kill the killer bee!
Makhleb accepts your kill.
You feel better.
You feel sick. The killer bee stings you.
* * * LOW HITPOINT WARNING * * *
You miss the killer bee. The killer bee barely misses you.
You barely miss the killer bee.
You feel sick. The killer bee stings you.
* * * LOW HITPOINT WARNING * * *
The killer bee stings you but does no damage.
You barely miss the killer bee. The killer bee stings you.
* * * LOW HITPOINT WARNING * * *
The queen bee calls on the killer bee to defend it!
The killer bee goes berserk!
You barely miss the killer bee.
You feel sick. The killer bee stings you.
* * * LOW HITPOINT WARNING * * *
The killer bee stings you!
You die...

#...# #...# #####...#
#...^...# #.###...########
#.##............ #
######.##............
####.#.....c##..........#.
....y.....yyy@....#.#.#.#
.......((((y##.#.##.#.# #
.#.....####.##.#....# #
###... #.......... #..#
####.####.## ##. #.# .# #.
#.# # # #..


You could see a queen bee, a centaur and 3 killer bees.

Vanquished Creatures
  Grinder (D:3)
  4 yaks (D:8)
  4 orc warriors
  A sky beast (D:7)
  A necrophage (D:7)
  2 phantoms
  A black bear (D:7)
  4 ogres
  2 centaurs
  A crocodile (D:8)
  Blork the orc (D:5)
  2 big kobolds (D:7)
  4 bullfrogs (D:6)
  A scorpion (D:6)
  9 killer bees (D:8)
  5 wights (D:6)
  A centaur zombie (D:6)
  4 crimson imps
  A bullfrog zombie (D:5)
  A hound (D:8)
  2 jellies (D:7)
  A quasit (D:7)
  2 orc priests
  2 orc wizards
  2 centaur skeletons
  An iguana (D:7)
  4 worker ants
  A hound zombie (D:5)
  3 worker ant zombies
  A howler monkey zombie (D:7)
  10 adders
  6 gnolls
  2 shadow imps
  An adder skeleton (D:4)
  2 worms
  A dart slug (D:3)
  3 leopard geckos
  25 orcs
  4 giant cockroaches
  11 goblins
  7 hobgoblins
  11 jackals
  14 kobolds
  7 bats
  10 rats
183 creatures vanquished.

Notes
Turn   | Place    | Note
-------+----------+-------------------------------------------
     0 | D:1      | Loge the Troll Monk began the quest for the Orb.
     0 | D:1      | Reached XP level 1. HP: 22/22 MP: 0/0
   164 | D:1      | Reached XP level 2. HP: 26/29 MP: 1/1
   755 | D:2      | Reached XP level 3. HP: 36/36 MP: 2/2
   766 | D:2      | Found a hide-covered altar of Uskayaw.
   785 | D:2      | Reached skill level 4 in Unarmed Combat
   968 | D:2      | Found an ornate altar of the Wu Jian Council.
   971 | D:2      | Found a stormy altar of Qazlal.
   971 | D:2      | Found a stormy altar of Qazlal.
   974 | D:2      | Found a bloodstained altar of Trog.
   974 | D:2      | Found a hide-covered altar of Uskayaw.
   974 | D:2      | Found a shimmering altar of Xom.
  1515 | D:3      | Reached XP level 4. HP: 42/45 MP: 3/3
  1558 | D:3      | Found a sacrificial altar of Ru.
  1624 | D:3      | Found an iron altar of Okawaru.
  1768 | D:3      | Found a shattered altar of Ashenzari.
  1851 | D:3      | Noticed Grinder
  1859 | D:3      | Killed Grinder
  1859 | D:3      | Reached skill level 5 in Unarmed Combat
  1859 | D:3      | Reached XP level 5. HP: 12/54 MP: 4/4
  1859 | D:3      | Reached XP level 6. HP: 14/62 MP: 5/5
  2084 | D:3      | Reached skill level 6 in Unarmed Combat
  2427 | D:4      | Reached XP level 7. HP: 65/70 MP: 6/6
  2574 | D:4      | Reached skill level 7 in Unarmed Combat
  2672 | D:4      | Found a bloodstained altar of Trog.
  2680 | D:4      | Found a hazy altar of Hepliaklqana.
  2689 | D:4      | Found a white marble altar of Elyvilon.
  2946 | D:4      | Found a burning altar of Makhleb.
  2953 | D:4      | Became a worshipper of Makhleb the Destroyer
  2953 | D:4      | Reached * piety under Makhleb
  2953 | D:4      | Reached ** piety under Makhleb
  3339 | D:4      | Found a sacrificial altar of Ru.
  3423 | D:4      | Found a radiant altar of Vehumet.
  3423 | D:4      | Found an ancient bone altar of Kikubaaqudgha.
  3424 | D:4      | Found a deep blue altar of Sif Muna.
  3429 | D:4      | Identified Vehumet's Disquisition on Confrontation
  3459 | D:5      | Entered Level 5 of the Dungeon
  3588 | D:5      | Reached skill level 8 in Unarmed Combat
  3598 | D:5      | Reached skill level 5 in Fighting
  3598 | D:5      | Reached XP level 8. HP: 43/80 MP: 7/7
  4059 | D:5      | Noticed Blork the orc
  4079 | D:5      | Killed Blork the orc
  4257 | D:5      | Reached skill level 9 in Unarmed Combat
  4605 | D:6      | Found a staircase to the Ecumenical Temple.
  4626 | D:6      | Reached *** piety under Makhleb
  4634 | D:6      | Found an opulent altar of Gozag.
  4846 | D:6      | Found a deep blue altar of Sif Muna.
  4933 | D:6      | Reached skill level 10 in Unarmed Combat
  5129 | D:6      | Reached XP level 9. HP: 89/89 MP: 8/8
  5595 | D:7      | Found a flagged portal.
  5630 | Bailey   | Entered a bailey
  5813 | D:7      | Reached skill level 11 in Unarmed Combat
  5943 | D:7      | Reached skill level 1 in Invocations
  6512 | D:8      | Reached **** piety under Makhleb
  6512 | D:8      | Reached XP level 10. HP: 53/102 MP: 10/10
  6553 | D:8      | Slain by a killer bee

Skill      XL: |  1  2  3  4  5  6  7  8  9 |
---------------+----------------------------+-----
Unarmed Combat | 4 5 6 8 10 11 | 11.8
Fighting       | 3 4 5 6 7 |  7.3
Invocations    | 2 |  2.8
Dodging        | |  2.4
Stealth        | |  1.0

Action                   |  1- 3 |  4- 6 |  7- 9 | 10-12 || total
-------------------------+-------+-------+-------+-------++-------
Melee: Unarmed           |   126 |    78 |   336 |    39 ||   579
       Punch             |       |     3 |    16 |     1 ||    20
Invok: Lesser Servant of |       |       |     1 |       ||     1
  Use: Potion            |       |       |       |     2 ||     2
 Stab: Sleeping          |     1 |     1 |     5 |       ||     7
  Eat: Chunk             |    17 |    10 |    38 |       ||    65
Armor: Robe              |    29 |    36 |    66 |     7 ||   138
Dodge: Dodged            |    51 |    38 |   173 |    30 ||   292
